 Dungeon Crawl Stone Soup version 0.31-a0-424-g41b3b0883d (webtiles) character file.

Game seed: 14140285993922961075

18 Bnni the Shooter (level 2, -2/27 HPs)
             Began as a Tengu Hunter on July 30, 2023.
             Succumbed to a kobold's poison
             ... on level 1 of the Dungeon.
             The game lasted 00:01:26 (698 turns).

Bnni the Shooter (Tengu Hunter)                      Turns: 698, Time: 00:01:26

Health: -2/27      AC: 21    Str: 11    XL:     2   Next: 66%
Magic:  3/3        EV:  2    Int:  9    God:
Gold:   14         SH:  0    Dex: 17    Spells: 1/1 levels left

rFire   . . .        a - +0 shortbow
rCold   . . .        (shield currently unavailable)
rNeg    . . .        c - melded +0 leather armour
rPois   +            (helmet currently unavailable)
rElec   .            (cloak currently unavailable)
rCorr   .            (gloves currently unavailable)
SInv    .            (boots unavailable)
Will    .....        (no amulet)
Stlth   ++           (no ring)
HPRegen 0.24/turn    (no ring)
MPRegen 0.08/turn

%: no passive effects
@: lethally poisoned (-2 -> -36), tree-form
A: stationary, stasis, torment immunity, boosted hp, (beak), (talons 3)
a: no special abilities


You were on level 1 of the Dungeon.
You were a tree.
You visited 1 branch of the dungeon, and saw 1 of its levels.

You collected 14 gold pieces.

Inventory:

Hand Weapons
 a - a +0 shortbow (weapon)
 e - a +0 dagger of venom
Armour
 c - a +0 leather armour (melded)
Scrolls
 b - a scroll of butterflies
 f - 2 scrolls of identify {unknown}
 g - a scroll of fog {unknown}


   Skills:
 + Level 2.4 Fighting
 * Level 4.9 Ranged Weapons
 - Level 2.1 Dodging
 - Level 1.0 Stealth


You had one spell level left.
You didn't know any spells.
Your spell library contained the following spells:

 Spells                   Type           Power      Damage    Failure   Level
 Vhi's Electric Charge    Tloc/Air       0%         N/A       77%         3
 Arcjolt                  Conj/Air       0%         1d10      100%        5
 Maxwell's Capacitive Co  Air            0%         ∞         100%        8


Dungeon Overview and Level Annotations

Branches:
Dungeon (1/15)

Altars:


Innate Abilities, Weirdness & Mutations

You are a tree.
Your roots penetrate the ground, keeping you stationary.
You cannot be teleported.
You are immune to unholy pain and torment.
Your maximum health is greatly increased.
Your equipment is partially melded.
((You have a beak for a mouth.))
((You have claws for feet.))


Message History

No target in view!
No target in view!
No target in view!
A frilled lizard comes into view.
You shoot an arrow. The arrow hits the frilled lizard!
You kill the frilled lizard!
No target in view!
You see here a frilled lizard corpse.
You see here a hobgoblin skeleton.
A frilled lizard comes into view.
You shoot an arrow. The arrow hits the frilled lizard.
You kill the frilled lizard!
No target in view!
A bat comes into view.
You shoot an arrow. The arrow hits the bat.
You kill the bat!
Found 3 poisoned darts.
No target in view!
Found a leather armour.
A kobold comes into view. It is wielding a +0 dagger of venom.
The kobold shouts!
The kobold hits you but does no damage.
You are poisoned.
You shoot an arrow. The arrow hits the kobold.
The kobold is moderately wounded.
You feel very sick.
The kobold hits you with a +0 dagger of venom.
You are lethally poisoned!
The kobold hits you with a +0 dagger of venom.
You are more poisoned.
You shoot an arrow. The arrow barely misses the kobold.
* * * LOW HITPOINT WARNING * * *
You feel extremely sick. The kobold hits you but does no damage.
You are more poisoned.
Unknown command.
It was a potion of lignification.
You turn into a tree.
Your +0 leather armour melds into your body.
Your roots penetrate the ground.
You die...

###.# #.###....>#
########### #.#
#.# ##....# ###.#
#.# ##.#.# ..#.#
#.#####.#.## #.#..
#....#..# #.##.
##.(.###.# #.# .
##..†..##.# #.#
#.8...8.#.# #.#
.......♣..# ..#
....⌠.K...#
########
......[...#
.......#
#.8...8.###
....##.####.....##
.##......###...#
.#####.### ####
.......# ########


You could see a kobold.

Vanquished Creatures
  2 bats (D:1)
  An endoplasm (D:1)
  2 giant cockroaches (D:1)
  3 hobgoblins (D:1)
  A kobold (D:1)
  2 quokkas (D:1)
  A ball python (D:1)
  2 frilled lizards (D:1)
  A goblin (D:1)
  A rat (D:1)
16 creatures vanquished.

Notes
Turn   | Place    | Note
-------+----------+-------------------------------------------
     0 | D:1      | Bnni the Tengu Hunter began the quest for the Orb.
     0 | D:1      | Reached XP level 1. HP: 12/12 MP: 2/2
   192 | D:1      | Reached XP level 2. HP: 17/17 MP: 3/3
   698 | D:1      | Succumbed to a kobold's poison

Illustrated notes

Levels and vault maps discovered:
D:1:      dpeg_arrival_castle, layout_loops_cross, wad_floor_pattern_untrapped

Action                     || total
---------------------------++-------
   Fire: Shortbow          ||    60
    Use: Potion            ||     1
 Armour: Leather armour    ||     7
  Dodge: Dodged            ||    21

Table legend: (Time is in decaauts)
 A = Elapsed time spent in this place.
 B = Non-inter-level travel time spent in this place.
 C = Inter-level travel time spent in this place.
 D = Time resting spent in this place.
 E = Time spent auto-exploring this place.
 F = Levels seen in this place.
 G = Mean time per level.
                   A        B        C        D        E       F      G
               +--------+--------+--------+--------+--------+-----+--------+
         Total |    714 |    714 |      0 |      0 |    604 |   1 |  714.0 |
       Dungeon |    714 |    714 |      0 |      0 |    604 |   1 |  714.0 |
               +--------+--------+--------+--------+--------+-----+--------+

Top non-repeatable levels by time:
     D:1: 714 daAuts
